[Event "Bangabandhu Premier Div League 2023-24"]
[Site "Dhaka"]
[Date "2024.02.03"]
[Round "3.1"]
[White "Mohammad Fahad, Rahman"]
[Black "Mehdi Hasan Parag"]
[Result "1-0"]
[ECO "C84"]
[WhiteElo "2418"]
[BlackElo "2171"]
[Annotator "RC"]
[PlyCount "65"]
[EventDate "2024.02.01"]
[EventCountry "BAN"]
[SourceTitle "playchess.com"]
[Source "ChessBase"]
[SourceQuality "1"]
[TimeControl "40/5400+30:1800+30"]

1. e4 e5 2. Nf3 Nc6 3. Bb5 a6 4. Ba4 Nf6 5. O-O Be7 6. d3 b5 7. Bb3 d6 8. a4 b4 9. a5 O-O 10. c3 Rb8 11. Nbd2 h6 12. h3 Re8 13. Re1 Bf8 14. d4 bxc3 15. bxc3 exd4 16. cxd4 Nb4 17. d5 c5 18. Bc2 Bd7 19. Nc4 Bb5 20. Nb6 Rb7 21. Bb2 Nd7 22. Nxd7 Rxd7 23. Bc3 Be7 24. Bxb4 cxb4 25. Bd3 Rb7 26. Nd4 Bf6 27. Bxb5 Bxd4 28. Bxe8 Bxa1 29. Bc6 Bc3 30. Bxb7 Bxe1 31. Qxe1 Qxa5 32. e5 Qb6 33. e6 1-0

[Event "Bangabandhu Premier Div League 2023-24"]
[Site "Dhaka"]
[Date "2024.02.03"]
[Round "3.2"]
[White "Mohammad Nubairshah Shaikh"]
[Black "Puranik, Abhimanyu"]
[Result "1/2-1/2"]
[ECO "E05"]
[WhiteElo "2428"]
[BlackElo "2645"]
[Annotator "TA"]
[PlyCount "125"]
[EventDate "2024.02.01"]
[EventCountry "BAN"]
[SourceTitle "playchess.com"]
[Source "ChessBase"]
[SourceQuality "1"]
[TimeControl "40/5400+30:1800+30"]

1. Nf3 d5 2. g3 Nf6 3. Bg2 e6 4. O-O Be7 5. d4 O-O 6. c4 dxc4 7. Qc2 b5 8. a4 b4 9. Nbd2 b3 10. Qxc4 Ba6 11. Qxb3 Nd5 12. Nc4 Nc6 13. Bd2 Rb8 14. Qc2 Ncb4 15. Bxb4 Nxb4 16. Qc3 c5 17. Rfd1 Bf6 18. e3 cxd4 19. Nxd4 Qe7 20. Na5 Rfc8 21. Nac6 Nxc6 22. Nxc6 (22. Bxc6 $2 Bb7 23. b4 Bxd4 24. Qxd4 Bxc6 $19 (24... Rxc6 $2 25. Qxa7 $19)) 22... Qe8 23. Qc5 Rxb2 24. Rab1 Be2 (24... Rxb1 $1 $11 25. Rxb1 g5) 25. Rdc1 $16 Rxb1 26. Rxb1 g6 27. Qd6 (27. Qxa7 $2 Rxc6 28. Bxc6 Qxc6 $19) (27. Rb7 $142) 27... a6 28. Re1 Bc4 29. Rc1 Bb3 30. Qb4 Bd5 31. Bxd5 exd5 32. Qd6 Kg7 33. Qxd5 Rc7 34. Rc4 h5 35. Kg2 Rd7 36. Qe4 Qf8 37. Nb4 a5 (37... Qd8 $16) 38. Nc6 (38. Nd5 $18) 38... Qa8 (38... Rd1 $16) 39. Rc5 Rd6 40. Qf3 (40. Rxa5 $2 Qxc6 41. Qxc6 Rxc6 $19) 40... Qc8 41. h3 (41. Nxa5 Qxc5 42. Nb7 Qd5 43. Nxd6 Qxd6 $19) 41... Qd7 42. g4 (42. Nxa5 Qxa4 43. Nc4 Re6) 42... hxg4 43. hxg4 Bh4 (43... Qe8 $1 $11) 44. Rc2 $1 $16 (44. Nxa5 $2 Rf6 (44... Qxa4 45. g5 $16) (44... Rd2 45. Kh3 $15) 45. Qe2 (45. Rd5 $2 Qc7 $19) 45... Rxf2+ (45... Qxa4 46. f3 $11) 46. Qxf2 Qxg4+ (46... Bxf2 $2 47. Kxf2 Qd2+ 48. Kf3 $19) 47. Kf1 Qd1+ (47... Bxf2 $2 48. Kxf2 Qb4 49. Rd5 $19) 48. Kg2 Bxf2 (48... Qg4+ $2 49. Kf1 $19) 49. Kxf2 Qd2+ (49... Qxa4 $2 50. Nc6 $19) 50. Kf3 Qd6 $19 (50... Qd1+ $2 51. Ke4 $19)) 44... Qe8 {[%emt 0:00:00] [#]} 45. Nd4 $1 (45. Nxa5 $2 {perishes.} Rf6 46. Qd1 Qxa4 $19 (46... Qa8+ $2 47. Nc6 $19)) 45... Bf6 46. Rc6 Qd7 47. Rxd6 Qxd6 48. Qc6 Qb4 49. Qd7 Kg8 50. Qe8+ Kg7 51. Qd7 Kg8 $1 52. Nf3 Qe4 (52... Kg7 $14) 53. Kg3 $16 Qb4 54. g5 Bc3 55. Qe8+ Kg7 56. Ne5 Qb7 {[%emt 0:02:29] [#]} 57. Nd7 (57. Ng4 $1 $16 {[%cal Rg4h6] Threatening mate with Nh6.} Qh1 58. Qc8) 57... Qc7+ (57... Qb4 $11 {remains equal.}) 58. Kh3 ({White has to play} 58. f4 $16 {Intending Qf8+ and mate.} Qd6 59. Ne5) 58... Qd6 $11 59. f4 Qd5 60. Qf8+ Kh7 61. Qh6+ Kg8 62. Qf8+ Kh7 63. Qh6+ 1/2-1/2

[Event "Bangabandhu Premier Div League 2023-24"]
[Site "Dhaka"]
[Date "2024.02.03"]
[Round "3.2"]
[White "Pranav Vijay"]
[Black "Mohammed Abdul, Malek"]
[Result "1-0"]
[ECO "C84"]
[WhiteElo "2252"]
[BlackElo "2047"]
[Annotator "RC"]
[PlyCount "77"]
[EventDate "2024.02.01"]
[EventCountry "BAN"]
[SourceTitle "playchess.com"]
[Source "ChessBase"]
[SourceQuality "1"]
[TimeControl "40/5400+30:1800+30"]

1. e4 e5 2. Nf3 Nc6 3. Bb5 a6 4. Ba4 Nf6 5. O-O Be7 6. d3 b5 7. Bb3 d6 8. c3 O-O 9. a4 Bd7 10. Bc2 Re8 11. Re1 h6 12. h3 Bf8 13. Nbd2 Ne7 14. d4 Ng6 15. Nf1 Rb8 16. Ng3 Qc8 17. axb5 axb5 18. b4 Ra8 19. Rxa8 Qxa8 20. dxe5 dxe5 21. Nh5 Be6 22. Nxf6+ gxf6 23. Nh2 Qc6 24. Qf3 Bg7 25. Ng4 Bxg4 26. hxg4 Nf8 27. Bb3 Ne6 28. Bd5 Qd7 29. Qf5 c6 30. Bb3 Qd3 31. Rd1 Qe2 32. Be3 Nf8 33. Qh5 Re7 34. Rd8 Qb2 35. Bc5 Qxb3 36. Bxe7 Qxc3 37. Qf5 Qc1+ 38. Kh2 Qg5 39. g3 1-0

[Event "Bangabandhu Premier Div League 2023-24"]
[Site "Dhaka"]
[Date "2024.02.03"]
[Round "3.3"]
[White "Ter-Sahakyan, Samvel"]
[Black "Mayank Chakraborty"]
[Result "1-0"]
[ECO "C17"]
[WhiteElo "2649"]
[BlackElo "2409"]
[Annotator "TA"]
[PlyCount "91"]
[EventDate "2024.02.01"]
[EventCountry "BAN"]
[SourceTitle "playchess.com"]
[Source "ChessBase"]
[SourceQuality "1"]
[TimeControl "40/5400+30:1800+30"]

1. e4 e6 2. d4 d5 3. Nc3 Bb4 4. e5 c5 5. Bd2 Ne7 6. a3 Bxc3 7. Bxc3 cxd4 8. Qxd4 Nbc6 {[%emt 0:00:00] [#]} (8... b6 $14) 9. Qg4 $1 $16 {[%emt 0:01:00] White is more active.} Qb6 10. Nf3 (10. Qxg7 Rg8 11. Qxh7 d4 $11) 10... Nf5 11. Bd3 {[%emt 0:00:30] Bxf5 would now be deadly. White is better.} O-O $2 {[%emt 0:00:00] [#]} (11... Nce7 $16) 12. Qh3 $1 $18 d4 13. Bd2 {[%emt 0:00:00] Threatens to win with 0-0-0.} f6 14. g4 Nxe5 15. Nxe5 ({Less strong is} 15. gxf5 Nxd3+ 16. cxd3 e5 $16) 15... fxe5 16. gxf5 exf5 17. Bc4+ Be6 18. Bxe6+ Qxe6 19. Qb3 Qxb3 20. cxb3 Rac8 21. Kd1 Kf7 22. a4 Ke6 23. Rg1 Rf7 24. a5 Rfc7 25. Rc1 (25. Ra4 $16) 25... Rxc1+ $14 26. Bxc1 {[%emt 0:00:00][%mdl 4096] Endgame. KRB-KR} g6 27. Bd2 Kd5 28. h4 Rc6 29. b4 Kc4 30. Rg3 b5 31. axb6 axb6 32. Ra3 Rc7 33. Ke2 Rd7 (33... e4 $16 {is a better defense.}) 34. Ra6 Kb5 35. Ra8 Kc4 36. Rc8+ Kb5 (36... Kd5 {was necessary.} 37. Bg5 Ra7 38. Rd8+ Kc4) 37. Re8 $18 e4 38. b3 Kc6 39. Re6+ Rd6 40. Re7 h5 $2 (40... d3+ 41. Ke3 h5) 41. Bf4 {[%emt 0:26:28] White is clearly winning.} d3+ 42. Kd2 Rd4 43. Re6+ Kb5 44. Be3 Rxb4 45. Kc3 ({Not} 45. Bxb6 Rxb3 46. Be3 (46. Rxg6 Rb2+ 47. Ke3 Re2+ 48. Kf4 d2 $11) 46... Kc4 $14) 45... Ka5 46. Re8 {[%emt 0:00:00] Weighted Error Value: White=0.14 (very precise) /Black=0.36.  Mistake:       	White=1     	Black=4      Inaccurate:     	White=2     	Black=2      OK:         	White=16    	Black=10     Best:        	White=2     	Black=1      Strong:       	White=1     	---} 1-0

[Event "Bangabandhu Premier Div League 2023-24"]
[Site "Dhaka"]
[Date "2024.02.03"]
[Round "3.3"]
[White "Harikrishnan.A.Ra"]
[Black "Narayanan, Srinath"]
[Result "1/2-1/2"]
[ECO "D78"]
[WhiteElo "2454"]
[BlackElo "2552"]
[Annotator "RC"]
[PlyCount "104"]
[EventDate "2024.02.01"]
[EventCountry "BAN"]
[SourceTitle "playchess.com"]
[Source "ChessBase"]
[SourceQuality "1"]
[TimeControl "40/5400+30:1800+30"]

1. Nf3 d5 2. g3 g6 3. c4 c6 4. Qa4 dxc4 5. Qxc4 Bg7 6. Bg2 Nf6 7. O-O O-O 8. Nc3 Nbd7 9. d4 Qa5 10. e4 e5 11. dxe5 Nxe5 12. Nxe5 Qxe5 13. f4 Qa5 14. h3 Nd7 15. Be3 Nb6 16. Qc5 Qxc5 17. Bxc5 Re8 18. e5 f6 19. exf6 Bxf6 20. Rae1 Bf5 21. g4 Bc2 22. Rxe8+ Rxe8 23. Rc1 Bd3 24. Rd1 Ba6 25. Bd4 Bh4 26. Bf2 Bf6 27. Ne4 Bxb2 28. Nc5 Be2 29. Rb1 Bc3 30. Nxb7 Bd2 31. f5 Bf4 32. fxg6 hxg6 33. Bxc6 Rc8 34. Be4 Rc3 35. Re1 Bd3 36. Bxd3 Rxd3 37. Kg2 Rd2 38. Kf3 Nd5 39. Re2 Rxe2 40. Kxe2 Nc3+ 41. Kd3 Nxa2 42. Bxa7 Bh6 43. Bc5 Nc1+ 44. Ke4 Ne2 45. Bb4 Bg5 46. Be1 Nf4 47. h4 Ng2 48. hxg5 Nxe1 49. Nd8 Nc2 50. Nc6 Na3 51. Kd5 Nc2 52. Ke6 Kg7 1/2-1/2

[Event "Bangabandhu Premier Div League 2023-24"]
[Site "Dhaka"]
[Date "2024.02.03"]
[Round "3.4"]
[White "Subrota, Biswas"]
[Black "Rahman, Ziaur"]
[Result "1/2-1/2"]
[ECO "B42"]
[WhiteElo "2223"]
[BlackElo "2428"]
[Annotator "RC"]
[PlyCount "109"]
[EventDate "2024.02.01"]
[EventCountry "BAN"]
[SourceTitle "playchess.com"]
[Source "ChessBase"]
[SourceQuality "1"]
[TimeControl "40/5400+30:1800+30"]

1. e4 c5 2. Nf3 e6 3. d4 cxd4 4. Nxd4 a6 5. Bd3 Bc5 6. Nb3 Ba7 7. Qe2 Ne7 8. Be3 O-O 9. O-O Nbc6 10. Bxa7 Rxa7 11. Qe3 d6 12. c4 b6 13. Nc3 Nb4 14. Rad1 Rd7 15. Bb1 Bb7 16. f4 Qc7 17. a3 Nbc6 18. Rc1 Qd8 19. Rfd1 Na5 20. Nxa5 bxa5 21. Na4 Qc7 22. Nb6 Rdd8 23. b4 axb4 24. axb4 Qc6 25. b5 Qc7 26. Na4 Ng6 27. g3 axb5 28. cxb5 Qa5 29. Qb6 Qxa4 30. Qxb7 Rb8 31. Qa6 Qb3 32. Bd3 Rfd8 33. Rb1 Qc3 34. b6 Qd4+ 35. Kh1 h5 36. Qc4 Qe3 37. Re1 Qf3+ 38. Kg1 h4 39. Rf1 Qe3+ 40. Kg2 Rxb6 41. Rxb6 Qxb6 42. e5 d5 43. Qc2 Ne7 44. gxh4 g6 45. h5 Nf5 46. Bxf5 gxf5 47. Rf3 Kh7 48. Rg3 Rb8 49. Kh3 Qb1 50. Qg2 Qe4 51. Rg7+ Kh8 52. Qg3 Rb3 53. Qxb3 Kxg7 54. Qg3+ Kh7 55. h6 1/2-1/2

[Event "Bangabandhu Premier Div League 2023-24"]
[Site "Dhaka"]
[Date "2024.02.03"]
[Round "3.4"]
[White "Nayem, Haque"]
[Black "Asif, Mahmud"]
[Result "1-0"]
[ECO "C90"]
[WhiteElo "2092"]
[BlackElo "1906"]
[Annotator "NA RC"]
[PlyCount "115"]
[EventDate "2024.02.01"]
[EventCountry "BAN"]
[SourceTitle "playchess.com"]
[Source "ChessBase"]
[SourceQuality "1"]
[TimeControl "40/5400+30:1800+30"]

1. e4 e5 2. Nf3 Nc6 3. Bb5 a6 4. Ba4 Nf6 5. d3 b5 6. Bb3 Be7 7. O-O d6 8. c3 Na5 9. Bc2 c5 10. Re1 O-O 11. d4 {[%emt 0:03:18] C90: Closed Ruy Lopez with 7...d6: Early deviations.} Qc7 {[%emt 0:07:26] 11...cxd4 is the hot move.} 12. d5 Bg4 13. h3 Bh5 14. Nbd2 c4 $146 ({Predecessor:} 14... Rfc8 15. Qe2 Rab8 16. b3 Rb6 17. Nf1 b4 18. c4 Qd8 19. Ng3 Bxf3 20. Qxf3 g6 {½-½ Kersic,M (2166)-Miele,R (1890) Nova Gorica op-B 14th 2009 (9)}) 15. Nf1 Rfe8 16. Ng3 Bg6 17. Nh4 Nb7 18. Nhf5 Bf8 19. Qf3 Nc5 20. Bg5 Ncd7 21. Kh2 a5 22. Rad1 Reb8 23. Re2 Rc8 24. Kg1 Rab8 25. Kh2 Ra8 26. Rc1 a4 27. a3 Rab8 28. Re3 Re8 29. Rg1 Ra8 30. Rf1 Rab8 31. Ra1 Ra8 32. Rb1 Rab8 33. Rh1 Ra8 34. Kg1 Rab8 35. Re1 Ra8 36. Re2 Rab8 37. Bb1 Ra8 38. Bc2 Rab8 39. Bd1 Qb6 40. Be3 Qc7 41. Bg5 Qb6 42. Bc2 Ra8 43. Nf1 Bxf5 44. Qxf5 Be7 45. Be3 Qc7 46. g4 g6 47. Qf3 Bf8 48. Ng3 Bg7 49. g5 Nh5 50. Nxh5 gxh5 $18 51. Qxh5 b4 52. cxb4 c3 53. Bc1 cxb2 54. Bxb2 Nf8 55. Bd3 Ng6 56. Rc2 Qe7 57. Qg4 Nf4 58. Bb5 1-0

[Event "Bangabandhu Premier Div League 2023-24"]
[Site "Dhaka"]
[Date "2024.02.03"]
[Round "3.5"]
[White "Hossain, Enamul"]
[Black "Mohammad Minhaz Uddin"]
[Result "0-1"]
[ECO "C21"]
[WhiteElo "2372"]
[BlackElo "2224"]
[Annotator "RC"]
[PlyCount "44"]
[EventDate "2024.02.01"]
[EventCountry "BAN"]
[SourceTitle "playchess.com"]
[Source "ChessBase"]
[SourceQuality "1"]
[TimeControl "40/5400+30:1800+30"]

1. e4 e5 2. d4 Nf6 3. dxe5 Nxe4 4. Qe2 Nc5 5. Nc3 Ne6 6. f4 g6 7. Be3 d5 8. exd6 Qxd6 9. Rd1 Qb4 10. Bd4 Rg8 11. a3 Qa5 12. b4 Qxa3 13. Nd5 Bxb4+ 14. Kf2 Bc5 15. Qb5+ Nd7 16. Bxc5 Nexc5 17. Qe2+ Kf8 18. Nxc7 Nf6 19. g3 Ng4+ 20. Kg2 Ne3+ 21. Qxe3 Qxe3 22. Nxa8 Ne4 0-1

[Event "Bangabandhu Premier Div League 2023-24"]
[Site "Dhaka"]
[Date "2024.02.03"]
[Round "3.5"]
[White "Nasim Hossain, Bhuiyan"]
[Black "Alekhya Mukhopadhyay"]
[Result "0-1"]
[ECO "A48"]
[WhiteElo "1812"]
[BlackElo "2184"]
[Annotator "RC"]
[PlyCount "86"]
[EventDate "2024.02.01"]
[EventCountry "BAN"]
[SourceTitle "playchess.com"]
[Source "ChessBase"]
[SourceQuality "1"]
[TimeControl "40/5400+30:1800+30"]

1. d4 Nf6 2. Bf4 g6 3. e3 Bg7 4. Nf3 O-O 5. h3 d6 6. Bc4 Nc6 7. O-O Nd7 8. c3 e5 9. Bg5 Qe8 10. d5 Ne7 11. e4 h6 12. Bxe7 Qxe7 13. Nbd2 f5 14. Nh2 Nf6 15. Qe2 Nh5 16. exf5 Nf4 17. Qe3 Qg5 18. Qg3 gxf5 19. Qxg5 hxg5 20. Nhf3 Bf6 21. Kh2 Bd7 22. g3 Ng6 23. Rae1 Kg7 24. Rh1 c5 25. Bf1 b5 26. Bg2 a5 27. Nf1 b4 28. N3d2 e4 29. cxb4 axb4 30. Nc4 Rxa2 31. Nxd6 Rxb2 32. Ne3 Be5 33. Nd1 Rc2 34. Nxe4 fxe4 35. Bxe4 Bf5 36. Bxf5 Rxf5 37. Kg2 Bd4 38. Rhf1 Rxd5 39. Re6 b3 40. Rb6 b2 41. Rb7+ Kh6 42. Re1 Rc1 43. Ne3 Bxe3 0-1

[Event "Bangabandhu Premier Div League 2023-24"]
[Site "Dhaka"]
[Date "2024.02.03"]
[Round "3.6"]
[White "Ahmed, Sheikh Nasir"]
[Black "Chigaev, Maksim"]
[Result "0-1"]
[ECO "A21"]
[WhiteElo "2182"]
[BlackElo "2622"]
[Annotator "RC"]
[PlyCount "68"]
[EventDate "2024.02.01"]
[EventCountry "BAN"]
[SourceTitle "playchess.com"]
[Source "ChessBase"]
[SourceQuality "1"]
[TimeControl "40/5400+30:1800+30"]

1. c4 e5 2. Nc3 Bb4 3. Nd5 a5 4. a3 Be7 5. g3 Nf6 6. Nxf6+ Bxf6 7. Bg2 O-O 8. d3 a4 9. Nf3 d6 10. Rb1 Bd7 11. O-O Bc6 12. Be3 Re8 13. Nd2 Bxg2 14. Kxg2 d5 15. cxd5 Qxd5+ 16. Kg1 Nd7 17. Qc2 c6 18. b4 b5 19. Rfc1 Rac8 20. Ne4 Be7 21. Bc5 Nxc5 22. Nxc5 h5 23. Qd2 h4 24. Qe3 h3 25. f3 f5 26. Qf2 Bg5 27. Rc2 Rcd8 28. e4 fxe4 29. fxe4 Qd6 30. Kh1 Rf8 31. Qe2 Qf6 32. Rg1 Rd6 33. Ra2 Qf3+ 34. Qxf3 Rxf3 0-1

[Event "Bangabandhu Premier Div League 2023-24"]
[Site "Dhaka"]
[Date "2024.02.03"]
[Round "3.6"]
[White "Hasan Md, Emam"]
[Black "Mrittika Mallick"]
[Result "0-1"]
[ECO "B11"]
[WhiteElo "2053"]
[BlackElo "1859"]
[Annotator "NA RC"]
[PlyCount "56"]
[EventDate "2024.02.01"]
[EventCountry "BAN"]
[SourceTitle "playchess.com"]
[Source "ChessBase"]
[SourceQuality "1"]
[TimeControl "40/5400+30:1800+30"]

1. e4 c6 2. Nf3 d5 3. Nc3 dxe4 4. Nxe4 Nf6 5. Ng3 h5 6. h3 h4 7. Ne2 Qb6 8. d4 Bf5 9. c3 Nd5 ({Black should play} 9... Nbd7 $1 $11) 10. a3 $14 Na6 11. b4 e6 12. Bd2 Bd3 13. Ne5 Be4 14. Nf4 f6 15. Nf3 O-O-O 16. Be2 e5 17. c4 Bxf3 18. Bxf3 Qxd4 19. cxd5 Qxa1 20. dxc6 Qxa3 21. Qc2 Bxb4 22. cxb7+ Kb8 23. Bxb4 Nxb4 24. Qc5 Nd3+ 25. Nxd3 Qxd3 26. Qc3 Rd4 27. Rf1 Rhd8 28. Be2 Re4 0-1

[Event "Bangabandhu Premier Div League 2023-24"]
[Site "Dhaka"]
[Date "2024.02.03"]
[Round "3.7"]
[White "Tanvir, Alam"]
[Black "Ankit Ray"]
[Result "0-1"]
[ECO "E11"]
[WhiteElo "1836"]
[BlackElo "1912"]
[Annotator "NA RC"]
[PlyCount "52"]
[EventDate "2024.02.01"]
[EventCountry "BAN"]
[SourceTitle "playchess.com"]
[Source "ChessBase"]
[SourceQuality "1"]
[TimeControl "40/5400+30:1800+30"]

1. d4 Nf6 2. c4 e6 3. Nf3 Bb4+ 4. Bd2 Qe7 5. a3 Bxd2+ 6. Nbxd2 d6 7. e4 e5 8. Bd3 a5 9. O-O O-O 10. Rc1 Na6 11. Re1 Nh5 $14 ({Black should try} 11... exd4 $11 12. Nxd4 Bg4) 12. g3 Bg4 13. d5 Nc5 14. Bf1 a4 15. h3 Bd7 16. Nh4 Nf4 17. gxf4 Qxh4 18. f5 g6 19. Qg4 Qf6 20. Qg3 Kh8 21. fxg6 Rg8 22. Kh2 Rxg6 23. Qe3 Rag8 24. Rc3 Qg7 25. Qf3 Rf6 26. Qg3 Qxg3+ 0-1

[Event "Bangabandhu Premier Div League 2023-24"]
[Site "Dhaka"]
[Date "2024.02.03"]
[Round "3.8"]
[White "Manon, Reja Neer"]
[Black "Anata, Choudhury"]
[Result "1-0"]
[ECO "B66"]
[WhiteElo "2169"]
[BlackElo "2196"]
[Annotator "RC"]
[PlyCount "81"]
[EventDate "2024.02.01"]
[EventCountry "BAN"]
[SourceTitle "playchess.com"]
[Source "ChessBase"]
[SourceQuality "1"]
[TimeControl "40/5400+30:1800+30"]

1. e4 c5 2. Nc3 Nc6 3. Nge2 d6 4. d4 cxd4 5. Nxd4 Nf6 6. Bg5 e6 7. Qd2 a6 8. O-O-O Bd7 9. f3 h6 10. Be3 h5 11. Qe1 Qc7 12. Nxc6 bxc6 13. Rg1 Be7 14. g4 hxg4 15. fxg4 Nh7 16. h4 g5 17. h5 O-O 18. Qd2 Rab8 19. Bd3 e5 20. Bc4 Be6 21. Bb3 Rfd8 22. Rgf1 Qb7 23. Qf2 d5 24. Bc5 Bf6 25. Qg2 d4 26. Na4 d3 27. Bxe6 fxe6 28. cxd3 Bg7 29. Qc2 Nf6 30. Be3 Nh7 31. Nc5 Qe7 32. Qc4 Re8 33. Nxa6 Rb5 34. a4 Rb7 35. Nc5 Rbb8 36. Kc2 Bf8 37. Rb1 Qd6 38. b4 Bh6 39. a5 Kg7 40. a6 Nf6 41. Rg1 1-0

[Event "Bangabandhu Premier Div League 2023-24"]
[Site "Dhaka"]
[Date "2024.02.03"]
[Round "3.8"]
[White "Tashriq Saihan, Shan"]
[Black "Diya Chowdhury"]
[Result "0-1"]
[ECO "B86"]
[WhiteElo "1772"]
[BlackElo "1881"]
[Annotator "NA RC"]
[PlyCount "80"]
[EventDate "2024.02.01"]
[EventCountry "BAN"]
[SourceTitle "playchess.com"]
[Source "ChessBase"]
[SourceQuality "1"]
[TimeControl "40/5400+30:1800+30"]

1. e4 c5 2. Nf3 e6 3. d4 cxd4 4. Nxd4 Nf6 5. Nc3 d6 6. Bc4 Be7 7. O-O a6 8. Bb3 Qc7 9. Kh1 {[%emt 0:00:53] B86: Sicilian Scheveningen/Najdorf: 6 Bc4, without early ...b5.} Nc6 10. Nxc6 bxc6 11. Bf4 O-O 12. Bg3 c5 13. Qe2 Bb7 14. e5 dxe5 15. Bxe5 Qc6 16. f3 Rac8 17. Bc4 Nd7 18. Bg3 Bf6 19. Ne4 $11 (19. Rad1 $14 {might be stronger.} Rcd8 20. Rd6) 19... Be5 20. Rad1 Bxg3 21. hxg3 Rcd8 22. Rd6 Qc7 23. Rfd1 Bxe4 24. Qxe4 Nf6 25. Qd3 Rb8 26. Qa3 Nd5 27. Rxa6 Nb4 28. Rad6 Nxc2 29. Qc3 Nd4 30. R6xd4 cxd4 31. Rxd4 Kh8 32. Rg4 f5 33. Rh4 Qxg3 34. Rh3 Qf2 35. b3 Rbd8 36. Qb4 f4 37. Bd3 Rf5 38. Kh2 Rg5 39. Rxh7+ Kg8 40. Rxg7+ Rxg7 0-1

[Event "Bangabandhu Premier Div League 2023-24"]
[Site "Dhaka"]
[Date "2024.02.03"]
[Round "3.9"]
[White "Rahman, Syed Mahfuzur"]
[Black "Shawket Bin, Osman Shaon"]
[Result "1/2-1/2"]
[ECO "E18"]
[WhiteElo "2087"]
[BlackElo "2030"]
[Annotator "NA RC"]
[PlyCount "104"]
[EventDate "2024.02.01"]
[EventCountry "BAN"]
[SourceTitle "playchess.com"]
[Source "ChessBase"]
[SourceQuality "1"]
[TimeControl "40/5400+30:1800+30"]

1. d4 d5 2. Nf3 Nf6 3. g3 e6 4. Bg2 Be7 5. O-O O-O 6. c4 b6 7. Nc3 Bb7 8. Ne5 Nbd7 9. Qa4 $11 Nb8 10. Rd1 c6 11. Bf4 Nfd7 12. Rac1 Nxe5 13. Bxe5 a6 14. cxd5 cxd5 15. e4 b5 16. Qc2 b4 17. Na4 dxe4 18. Bc7 Qe8 19. Nc5 Bd5 20. Nxe4 Qd7 21. Bf4 Qa7 22. Ng5 Bxg5 23. Bxg5 Bxg2 24. Kxg2 h6 25. Bf4 Qb7+ 26. f3 Nd7 27. Qc6 Qxc6 28. Rxc6 Nf6 29. Bd6 Rfc8 30. Rdc1 Rxc6 31. Rxc6 Nd5 32. Kf2 f6 33. Ke2 Kf7 34. Bc5 h5 35. Kd3 h4 36. Ke4 hxg3 37. hxg3 a5 38. f4 g6 39. Rd6 Rh8 40. Rd7+ Ke8 41. Ra7 Rh2 42. Rxa5 Rxb2 43. Ra6 Kf7 44. Ra7+ Kg8 45. Ra8+ Kg7 46. Ra7+ Kg8 47. Ra8+ Kf7 48. Ra7+ Ke8 49. Ra6 Kf7 50. Ra7+ Ke8 51. Ra6 Nc7 52. Rb6 Nd5 1/2-1/2

[Event "Bangabandhu Premier Div League 2023-24"]
[Site "Dhaka"]
[Date "2024.02.03"]
[Round "3.10"]
[White "Kushagra Mohan"]
[Black "Hasan, Sk. Rashedul"]
[Result "1-0"]
[ECO "B34"]
[WhiteElo "2374"]
[BlackElo "1807"]
[Annotator "RC"]
[PlyCount "75"]
[EventDate "2024.02.01"]
[EventCountry "BAN"]
[SourceTitle "playchess.com"]
[Source "ChessBase"]
[SourceQuality "1"]
[TimeControl "40/5400+30:1800+30"]

1. e4 c5 2. Nf3 g6 3. d4 cxd4 4. Nxd4 Nf6 5. Nc3 Nc6 6. Nxc6 bxc6 7. e5 Ng8 8. Bc4 Bg7 9. Bf4 Qa5 10. Qe2 d5 11. Bb3 e6 12. O-O-O Ne7 13. Bg5 Qc7 14. Rde1 h6 15. Bd2 a5 16. f4 Bd7 17. Be3 c5 18. Nb5 Qc6 19. Nd6+ Kf8 20. c4 d4 21. Bd2 Qb6 22. Kb1 a4 23. Bc2 Rb8 24. Bc1 Nc8 25. Ne4 Qb4 26. Bd3 Bc6 27. Rhf1 Ke7 28. g4 Bxe4 29. Qxe4 Nb6 30. f5 gxf5 31. gxf5 exf5 32. Qxf5 Rhf8 33. e6 f6 34. Bd2 Qxd2 35. Qxc5+ Ke8 36. Bg6+ Kd8 37. Qd6+ Kc8 38. Qc6+ 1-0

[Event "Bangabandhu Premier Div League 2023-24"]
[Site "Dhaka"]
[Date "2024.02.03"]
[Round "3.11"]
[White "Mihir Lal, Das"]
[Black "Sajidul, Haque"]
[Result "0-1"]
[ECO "D73"]
[WhiteElo "1936"]
[BlackElo "1922"]
[Annotator "NA RC"]
[PlyCount "122"]
[EventDate "2024.02.01"]
[EventCountry "BAN"]
[SourceTitle "playchess.com"]
[Source "ChessBase"]
[SourceQuality "1"]
[TimeControl "40/5400+30:1800+30"]

1. Nf3 d5 2. g3 g6 3. Bg2 Bg7 4. O-O c6 5. c4 Nf6 6. d4 dxc4 7. Na3 b5 8. Nxb5 cxb5 9. Ne5 Nd5 10. a4 f6 11. Nf3 b4 12. e4 Nc7 13. e5 O-O 14. exf6 exf6 15. Nd2 Nd5 16. Nxc4 $19 Be6 17. Re1 Bf7 18. Bf4 Nc6 19. Bd6 Re8 20. Rxe8+ Qxe8 21. Bc5 Rd8 22. Nd6 Qe6 23. Nxf7 Kxf7 24. Qd3 f5 25. Kf1 Re8 26. Qb3 Ne3+ 27. Qxe3 Qc4+ 28. Kg1 Rxe3 29. fxe3 Ne7 30. Bxa7 Nd5 31. Re1 b3 32. a5 Nxe3 33. Rxe3 Bxd4 34. Bxd4 Qxd4 35. Kf2 Qxb2+ 36. Kf3 Qa1 37. Kf4 g5+ 38. Kxf5 b2 39. Bd5+ Kg7 40. Be4 Qxa5+ 41. Kg4 Qe5 42. Kf3 g4+ 43. Kf2 Qf6+ 44. Kg2 Qd4 45. Re2 h5 46. Bc2 Qd5+ 47. Be4 Qb5 48. Rf2 b1=Q 49. Bxb1 Qb7+ 50. Kg1 Qxb1+ 51. Kg2 Kg6 52. Rf1 Qe4+ 53. Kg1 Kg5 54. Kf2 h4 55. Kg1 Qe3+ 56. Kg2 Qe4+ 57. Kg1 Qd4+ 58. Kh1 Qd5+ 59. Kg1 h3 60. Rf2 Qd4 61. Kh1 Qa1+ 0-1

[Event "Bangabandhu Premier Div League 2023-24"]
[Site "Dhaka"]
[Date "2024.02.03"]
[Round "3.12"]
[White "Suvradeepta, Das"]
[Black "Abdullah Al, Raison"]
[Result "1-0"]
[ECO "E05"]
[WhiteElo "2141"]
[BlackElo "1839"]
[Annotator "RC"]
[PlyCount "89"]
[EventDate "2024.02.01"]
[EventCountry "BAN"]
[SourceTitle "playchess.com"]
[Source "ChessBase"]
[SourceQuality "1"]
[TimeControl "40/5400+30:1800+30"]

1. d4 Nf6 2. c4 e6 3. Nf3 d5 4. g3 Be7 5. Bg2 O-O 6. O-O dxc4 7. Qc2 a6 8. a4 Bd7 9. Qxc4 Bc6 10. Bg5 Nbd7 11. Nc3 h6 12. Bxf6 Nxf6 13. Qd3 Bxf3 14. Bxf3 c6 15. Rfd1 a5 16. e4 Qb6 17. Rd2 Rfd8 18. Qe3 Rac8 19. Rad1 Rc7 20. h4 Rcd7 21. Rd3 Kf8 22. e5 Nd5 23. Bxd5 cxd5 24. Nb5 Rc8 25. Rc1 Rdd8 26. Rdc3 Rc6 27. Qd3 Kg8 28. R3c2 Rdc8 29. Kg2 Rxc2 30. Rxc2 Rxc2 31. Qxc2 Qc6 32. Qxc6 bxc6 33. Na7 c5 34. Nc6 Kf8 35. Nxa5 cxd4 36. Nc6 Bc5 37. a5 d3 38. Kf1 d2 39. Ke2 Bxf2 40. a6 f6 41. exf6 gxf6 42. Kxd2 Ke8 43. a7 Bxa7 44. Nxa7 Kd7 45. Kd3 1-0